ESL (28 & UNDER)
INTERCOURSE AMISH @ READING RAINBOWS
08/31/2030
 
TOP OF THE 1ST
Intercourse Amish batting - Pitching for Reading Rainbows : RHP Manny Ramos
Pitching: RHP Manny Ramos
Batting: LHB Jesús Raugel 0-0: Called Strike
0-1: Ball
1-1: Ball
2-1: Ball
3-1: Base on Balls
Batting: RHB Brian Stewart 0-0: Ball
1-0: Called Strike
1-1: 2-RUN HOME RUN (Flyball, 7LD), Distance : 377 ft
Batting: RHB Júlio Serra 0-0: Ball
1-0: Ball
2-0: Ball
3-0: Called Strike
3-1: Foul Ball, location: 2F
3-2: SINGLE (Line Drive, 8LS)
Pitching: LHP Bill Parry
Batting: RHB Holden Davis 0-0: Called Strike
0-1: Ball
1-1: SINGLE (Groundball, 6MD)
Júlio Serra to second
Batting: RHB Frank Maxwell 0-0: Foul Ball, location: 2F
0-1: Ball
1-1: Foul Ball, location: 2F
1-2: Fly out, F4 (Flyball, 34D)
Batting: SHB Conan Hanson 0-0: Ball
1-0: Swinging Strike
1-1: Swinging Strike
1-2: Ball
2-2: Strikes out swinging
Batting: LHB Carlos De La Rosa 0-0: Ball
1-0: Ball
2-0: Ball
3-0: Called Strike
3-1: Base on Balls
Júlio Serra to third
Holden Davis to second
Batting: RHB Esteban Ayala 0-0: Swinging Strike
0-1: Ball
1-1: Fielders Choice at 2nd, 6-4 (Groundball, 6)
Top of the 1st over - 2 runs, 3 hits, 0 errors, 3 left on base; Intercourse 2 - Reading 0
BOTTOM OF THE 1ST
Reading Rainbows batting - Pitching for Intercourse Amish : RHP Joe Bell
Pitching: RHP Joe Bell
Batting: LHB Ismael Barajas 0-0: SINGLE (Groundball, 6D)
Batting: LHB Dennis McConnell 0-0: Ball
1-0: Foul Ball, location: 2F
1-1: Foul Ball, location: 2F
1-2: Foul Ball, location: 2F
1-2: Strikes out looking
Batting: RHB Ethan Moore 0-0: Ball
1-0: Called Strike
1-1: Ball
2-1: Foul Ball, location: 2F
2-2: Grounds into double play, 5-4-3 (Groundball, 56)
Bottom of the 1st over - 0 runs, 1 hit, 0 errors, 0 left on base; Intercourse 2 - Reading 0
TOP OF THE 2ND
Intercourse Amish batting - Pitching for Reading Rainbows : LHP Bill Parry
Batting: SHB Frank Grant 0-0: Ball
1-0: Ball
2-0: Foul Ball, location: 2F
2-1: Foul Ball, location: 2F
2-2: Ball
3-2: Base on Balls
Batting: LHB Jesús Raugel 0-0: Ball
1-0: Swinging Strike
1-1: Swinging Strike
1-2: Strikes out swinging
Batting: RHB Brian Stewart 0-0: Called Strike
0-1: Ball
1-1: Called Strike
1-2: Ground out 4-3 (Groundball, 34)
Frank Grant to second
Batting: RHB Júlio Serra 0-0: Called Strike
0-1: Swinging Strike
0-2: Foul Ball, location: 2F
0-2: TRIPLE (Flyball, 8RXD)
Frank Grant scores
Batting: RHB Holden Davis 0-0: Ball
1-0: Ball
2-0: Called Strike
2-1: Ball
3-1: Foul Ball, location: 2F
3-2: Strikes out swinging
Top of the 2nd over - 1 run, 1 hit, 0 errors, 1 left on base; Intercourse 3 - Reading 0
BOTTOM OF THE 2ND
Reading Rainbows batting - Pitching for Intercourse Amish : RHP Joe Bell
Batting: RHB Allen Hobbs 0-0: Ground out 6-3 (Groundball, 6)
Batting: RHB Edmund Swanson 0-0: Ball
1-0: Fly out, F9 (Flyball, 89S)
Batting: RHB Richard Case 0-0: Swinging Strike
0-1: Ball
1-1: Foul Ball, location: 2F
1-2: Ground out 5-3 (Groundball, 56S)
Bottom of the 2nd over - 0 runs, 0 hits, 0 errors, 0 left on base; Intercourse 3 - Reading 0
TOP OF THE 3RD
Intercourse Amish batting - Pitching for Reading Rainbows : LHP Bill Parry
Batting: RHB Frank Maxwell 0-0: SOLO HOME RUN (Flyball, 7LD), Distance : 377 ft
Batting: SHB Conan Hanson 0-0: Ball
1-0: Ball
2-0: Ball
3-0: Base on Balls
Batting: LHB Carlos De La Rosa 0-0: Called Strike
0-1: Called Strike
0-2: Ball
1-2: 2-RUN HOME RUN (Flyball, 7D), Distance : 379 ft
Pitching: RHP Jesús Manuel
Batting: RHB Esteban Ayala 0-0: Ball
1-0: Ball
2-0: Called Strike
2-1: Called Strike
2-2: Ground out 5-3 (Groundball, 56)
Batting: SHB Frank Grant 0-0: Called Strike
0-1: SINGLE (Flyball, 8RS)
Batting: LHB Jesús Raugel 0-0: Called Strike
0-1: Called Strike
0-2: Foul Ball, location: 2F
0-2: Fly out, F6 (Line Drive, 6)
Batting: RHB Brian Stewart 0-0: Ball
1-0: Called Strike
1-1: Ball
2-1: Called Strike
2-2: Fly out, F8 (Flyball, 8RXD)
Top of the 3rd over - 3 runs, 3 hits, 0 errors, 1 left on base; Intercourse 6 - Reading 0
BOTTOM OF THE 3RD
Reading Rainbows batting - Pitching for Intercourse Amish : RHP Joe Bell
Batting: RHB Carlos Palomón 0-0: Ball
1-0: Called Strike
1-1: Ball
2-1: Ball
3-1: SINGLE (Groundball, 56D)
Batting: SHB Johnny Jackson 0-0: Grounds into double play, 4-6-3 (Groundball, 34)
Batting: RHB Jesús Chávez 0-0: Ball
1-0: Foul Ball, location: 2F
1-1: Ball
2-1: Ball
3-1: Base on Balls
Batting: LHB Ismael Barajas 0-0: Ball
1-0: Ball
2-0: Ball
3-0: Called Strike
3-1: Called Strike
3-2: Base on Balls
Jesús Chávez to second
Batting: LHB Dennis McConnell 0-0: Called Strike
0-1: Foul Ball, location: 2F
0-2: Ground out 1-3 (Groundball, 13S)
Bottom of the 3rd over - 0 runs, 1 hit, 0 errors, 2 left on base; Intercourse 6 - Reading 0
TOP OF THE 4TH
Intercourse Amish batting - Pitching for Reading Rainbows : RHP Jesús Manuel
Batting: RHB Júlio Serra 0-0: Ball
1-0: Foul Ball, location: 2F
1-1: Fly out, F6 (Line Drive, 6MD)
Batting: RHB Holden Davis 0-0: Ball
1-0: Foul Ball, location: 2F
1-1: Ball
2-1: Ball
3-1: Fly out, F8 (Flyball, 78XD)
Batting: RHB Frank Maxwell 0-0: Ball
1-0: Swinging Strike
1-1: Swinging Strike
1-2: Ground out 6-3 (Groundball, 6S)
Top of the 4th over - 0 runs, 0 hits, 0 errors, 0 left on base; Intercourse 6 - Reading 0
BOTTOM OF THE 4TH
Reading Rainbows batting - Pitching for Intercourse Amish : RHP Joe Bell
Pitching: RHP Colin Younger
Batting: RHB Ethan Moore 0-0: Reached on error, E4 (Groundball, 4)
Batting: RHB Allen Hobbs 0-0: Fielders Choice at 2nd, 6-4 (Groundball, 6)
Batting: RHB Edmund Swanson 0-0: Ball
1-0: Ball
2-0: Ball
3-0: Called Strike
3-1: Foul Ball, location: 2F
3-2: SINGLE (Groundball, 56D)
Allen Hobbs to second
Allen Hobbs to third
Batting: RHB Richard Case 0-0: Ball
1-0: Called Strike
1-1: Ball
2-1: Grounds into double play, 1-6-3 (Groundball, P)
Bottom of the 4th over - 0 runs, 1 hit, 1 error, 1 left on base; Intercourse 6 - Reading 0
TOP OF THE 5TH
Intercourse Amish batting - Pitching for Reading Rainbows : RHP Jesús Manuel
Batting: SHB Conan Hanson 0-0: Foul Ball, location: 2F
0-1: Ball
1-1: Called Strike
1-2: Ball
2-2: Ball
3-2: Base on Balls
Batting: LHB Carlos De La Rosa 0-0: Called Strike
0-1: Ball
1-1: Ground out 5-3 (Groundball, 56S)
Conan Hanson to second
Batting: RHB Esteban Ayala 0-0: Ball
1-0: Called Strike
1-1: Ball
2-1: Fly out, F4 (Popup, 4S)
Batting: SHB Frank Grant 0-0: Ball
1-0: Ball
2-0: Ball
3-0: Called Strike
3-1: Foul Ball, location: 2F
3-2: Fly out, F7 (Flyball, 7LM)
Top of the 5th over - 0 runs, 0 hits, 0 errors, 1 left on base; Intercourse 6 - Reading 0
BOTTOM OF THE 5TH
Reading Rainbows batting - Pitching for Intercourse Amish : RHP Colin Younger
Batting: RHB Carlos Palomón 0-0: Foul Ball, location: 2F
0-1: Ball
1-1: Ball
2-1: Foul Ball, location: 2F
2-2: Foul Ball, location: 2F
2-2: Ball
3-2: Fly out, F8 (Line Drive, 8RS)
Batting: SHB Johnny Jackson 0-0: Called Strike
0-1: Called Strike
0-2: Ball
1-2: Foul Ball, location: 2F
1-2: SINGLE (Flyball, 78S)
Batting: RHB Jesús Chávez 0-0: Foul Ball, location: 2F
0-1: Fly out, F7 (Flyball, 78S)
Batting: LHB Ismael Barajas 0-0: Ball
1-0: Called Strike
1-1: Fly out, F7 (Flyball, 78S)
Bottom of the 5th over - 0 runs, 1 hit, 0 errors, 1 left on base; Intercourse 6 - Reading 0
TOP OF THE 6TH
Intercourse Amish batting - Pitching for Reading Rainbows : RHP Jesús Manuel
Batting: LHB Jesús Raugel 0-0: Ball
1-0: Called Strike
1-1: Foul Ball, location: 2F
1-2: Ball
2-2: DOUBLE (Line Drive, 9D)
Batting: RHB Brian Stewart 0-0: Ball
1-0: Swinging Strike
1-1: Foul Ball, location: 2F
1-2: Strikes out looking
Batting: RHB Júlio Serra 0-0: Ball
Jesús Raugel steals 3rd base
1-0: Called Strike
1-1: Ground out 5-3 (Groundball, 56S)
Jesús Raugel scores
Batting: RHB Holden Davis 0-0: Foul Ball, location: 2F
0-1: Called Strike
0-2: Ball
1-2: Ball
2-2: Foul Ball, location: 2F
2-2: Ball
3-2: Base on Balls
Batting: RHB Frank Maxwell 0-0: Foul Ball, location: 2F
0-1: Called Strike
0-2: Ball
1-2: Foul Ball, location: 2F
1-2: Ball
2-2: Ball
3-2: Fly out, F9 (Line Drive, 9)
Top of the 6th over - 1 run, 1 hit, 0 errors, 1 left on base; Intercourse 7 - Reading 0
BOTTOM OF THE 6TH
Reading Rainbows batting - Pitching for Intercourse Amish : RHP Colin Younger
Batting: LHB Dennis McConnell 0-0: Foul Ball, location: 2F
0-1: Ball
1-1: Foul Ball, location: 2F
1-2: Ball
2-2: Fly out, F9 (Flyball, 9S)
Batting: RHB Ethan Moore 0-0: Foul Ball, location: 2F
0-1: Ball
1-1: Fly out, F8 (Flyball, 8RS)
Batting: RHB Allen Hobbs 0-0: Called Strike
0-1: Foul Ball, location: 2F
0-2: Ball
1-2: SINGLE (Groundball, 56D)
Batting: RHB Edmund Swanson 0-0: Ball
1-0: Foul Ball, location: 2F
1-1: Called Strike
1-2: Ball
2-2: Foul Ball, location: 2F
2-2: Ball
3-2: Base on Balls
Allen Hobbs to second
Batting: RHB Richard Case 0-0: SINGLE (Groundball, 23) (infield hit)
Allen Hobbs to third
Edmund Swanson to second
Batting: RHB Carlos Palomón 0-0: Fly out, F4 (Line Drive, 4)
Bottom of the 6th over - 0 runs, 2 hits, 0 errors, 3 left on base; Intercourse 7 - Reading 0
TOP OF THE 7TH
Intercourse Amish batting - Pitching for Reading Rainbows : RHP Jesús Manuel
Pitching: RHP Mario García
Batting: SHB Conan Hanson 0-0: Ball
1-0: Foul Ball, location: 2F
1-1: Ground out 1-3 (Groundball, 13S)
Pitching: RHP Gustavo Hernández
Batting: LHB Carlos De La Rosa 0-0: Called Strike
0-1: Swinging Strike
0-2: Ball
1-2: Ball
2-2: Ball
3-2: Strikes out swinging
Pitching: RHP Michael Bane
Batting: RHB Esteban Ayala 0-0: Swinging Strike
0-1: Ground out 6-3 (Groundball, 6)
Top of the 7th over - 0 runs, 0 hits, 0 errors, 0 left on base; Intercourse 7 - Reading 0
BOTTOM OF THE 7TH
Reading Rainbows batting - Pitching for Intercourse Amish : RHP Colin Younger
Pitching: RHP Sixto Santiago
Batting: SHB Johnny Jackson 0-0: Ball
1-0: Ball
2-0: Called Strike
2-1: Foul Ball, location: 2F
2-2: Ball
3-2: Strikes out swinging
Batting: RHB Jesús Chávez 0-0: Foul Ball, location: 2F
0-1: Fly out, F8 (Line Drive, 8LM)
Batting: LHB Ismael Barajas 0-0: Ball
1-0: Called Strike
1-1: Ball
2-1: Ball
3-1: Base on Balls
Batting: LHB Dennis McConnell 0-0: Ball
1-0: Fly out, F4 (Line Drive, 4)
Bottom of the 7th over - 0 runs, 0 hits, 0 errors, 1 left on base; Intercourse 7 - Reading 0
TOP OF THE 8TH
Intercourse Amish batting - Pitching for Reading Rainbows : RHP Michael Bane
Batting: SHB Frank Grant 0-0: Ball
1-0: Ball
2-0: Ball
3-0: Called Strike
3-1: Called Strike
3-2: Strikes out looking
Batting: LHB Jesús Raugel 0-0: Ball
1-0: Called Strike
1-1: Ball
2-1: SINGLE (Line Drive, 9LM)
Batting: RHB Brian Stewart 0-0: Called Strike
Jesús Raugel steals 2nd base
0-1: Ball
1-1: Ground out 4-3 (Groundball, 4)
Jesús Raugel to third
Batting: RHB Júlio Serra 0-0: Foul Ball, location: 2F
0-1: Ball
1-1: Foul Ball, location: 2F
1-2: Ball
2-2: Strikes out looking
Top of the 8th over - 0 runs, 1 hit, 0 errors, 1 left on base; Intercourse 7 - Reading 0
BOTTOM OF THE 8TH
Reading Rainbows batting - Pitching for Intercourse Amish : RHP Sixto Santiago
Batting: RHB Ethan Moore 0-0: Ball
1-0: Ball
2-0: Called Strike
2-1: Foul Ball, location: 2F
2-2: Ball
3-2: Foul Ball, location: 2F
3-2: Fly out, F5 (Line Drive, 5L)
Batting: RHB Allen Hobbs 0-0: Called Strike
0-1: Foul Ball, location: 2F
0-2: Ball
1-2: Strikes out swinging
Batting: RHB Edmund Swanson 0-0: Ball
1-0: Fly out, F9 (Flyball, 9)
Bottom of the 8th over - 0 runs, 0 hits, 0 errors, 0 left on base; Intercourse 7 - Reading 0
TOP OF THE 9TH
Intercourse Amish batting - Pitching for Reading Rainbows : RHP Michael Bane
Batting: RHB Holden Davis 0-0: Called Strike
0-1: Ball
1-1: Fly out, F8 (Flyball, 8RS)
Batting: RHB Frank Maxwell 0-0: Ball
1-0: Foul Ball, location: 2F
1-1: Swinging Strike
1-2: Ball
2-2: SINGLE (Line Drive, 6MD)
Batting: SHB Conan Hanson 0-0: Grounds into double play, 6-4-3 (Groundball, 6)
Top of the 9th over - 0 runs, 1 hit, 0 errors, 0 left on base; Intercourse 7 - Reading 0
BOTTOM OF THE 9TH
Reading Rainbows batting - Pitching for Intercourse Amish : RHP Sixto Santiago
Batting: RHB Richard Case 0-0: Called Strike
0-1: Swinging Strike
0-2: Foul Ball, location: 2F
0-2: Ball
1-2: Strikes out swinging
Batting: RHB Carlos Palomón 0-0: Ball
1-0: Called Strike
1-1: Called Strike
1-2: Strikes out looking
Batting: SHB Johnny Jackson 0-0: Called Strike
0-1: Ball
1-1: Fly out, F9 (Flyball, 9LMF)
Bottom of the 9th over - 0 runs, 0 hits, 0 errors, 0 left on base; Intercourse 7 - Reading 0
Saturday, April 7th, 2018 - OOTP Baseball 18.8 Build 76